 Dungeon Crawl Stone Soup version 0.22-b1-26-g9dbaab1 (webtiles) character file.

84 Lilu the Magician (level 4, -2/32 HPs)
             Began as a Gnoll Wizard on Aug 8, 2018.
             Killed from afar by Ijyb (13 damage)
             ... with a wand of flame (25)
             ... on level 3 of the Dungeon.
             The game lasted 00:06:05 (1982 turns).

Lilu the Magician (Gnoll Wizard)                    Turns: 1982, Time: 00:06:06

Health: -2/32      AC:  4    Str: 11    XL:     4   Next: 45%
Magic:  7/13       EV: 15    Int: 20    God:
Gold:   107        SH:  0    Dex: 16    Spells: 8/17 levels left

rFire    . . .     SeeInvis .   k - +0 spear (curse)
rCold    . . .     Gourm    .   (no shield)
rNeg     . . .     Faith    .   a - +0 robe
rPois    .         Spirit   .   b - +0 hat
rElec    .         Reflect  .   (no cloak)
rCorr    .         Harm     .   e - +1 pair of gloves {Dex+3}
MR       .....                  (no boots)
Stlth    ++........             m - amulet of magic regeneration
HPRegen  0.10/turn              j - ring of attention (curse)
MPRegen  0.38/turn              (no ring)

@: very slightly contaminated
A: distributed training, fangs 1, strong nose
a: no special abilities


You were on level 3 of the Dungeon.
You were not hungry.

You visited 1 branch of the dungeon, and saw 3 of its levels.

You collected 107 gold pieces.

Inventory:

Hand Weapons
 k - a cursed +0 spear (weapon)
 t - a +4 dagger of venom
Missiles
 q - 53 arrows
Armour
 a - a +0 robe (worn)
 b - a +0 hat (worn)
 e - a +1 pair of gloves of dexterity (worn)
Jewellery
 j - a cursed ring of attention (left hand)
 l - an uncursed amulet of the acrobat
 m - an amulet of magic regeneration (around neck)
 u - an uncursed amulet of faith {unknown}
Scrolls
 g - a scroll of enchant armour {unknown}
 i - a scroll of magic mapping {unknown}
 o - a scroll of amnesia {unknown}
 p - 2 scrolls of remove curse {unknown}
 r - a scroll of teleportation {unknown}
 s - a scroll of identify {unknown}
Potions
 c - a potion of flight {unknown}
 f - a potion of berserk rage {unknown}
 h - a potion of lignification {unknown}
 n - a potion of might {unknown}
Comestibles
 d - 4 rations


   Skills:
 + Level 1.1 Fighting
 + Level 1.1 Short Blades
 + Level 1.1 Long Blades
 + Level 1.1 Axes
 + Level 1.1 Maces & Flails
 + Level 1.1 Polearms
 + Level 1.1 Staves
 + Level 1.1 Slings
 + Level 1.1 Bows
 + Level 1.1 Crossbows
 + Level 1.1 Throwing
 + Level 1.1 Armour
 + Level 4.6 Dodging
 + Level 4.2 Stealth
 + Level 1.1 Shields
 + Level 1.1 Unarmed Combat
 + Level 7.2 Spellcasting
 + Level 2.2 Conjurations
 + Level 0.9 Hexes
 + Level 0.9 Charms
 + Level 2.2 Summonings
 + Level 0.9 Necromancy
 + Level 2.2 Translocations
 + Level 0.9 Transmutations
 + Level 0.9 Fire Magic
 + Level 0.9 Ice Magic
 + Level 0.9 Air Magic
 + Level 0.9 Earth Magic
 + Level 0.9 Poison Magic
 + Level 1.2 Invocations
 + Level 1.1 Evocations


You had 8 spell levels left.
You knew the following spells:

 Your Spells              Type           Power        Failure   Level  Hunger
a - Magic Dart            Conj           ###.         3%          1    None
b - Conjure Flame         Conj/Fire      ##......     14%         3    #......
c - Mephitic Cloud        Conj/Pois/Air  ##......     16%         3    #......
d - Call Imp              Summ           ###.....     5%          2    None

Your spell library contained the following spells:

 Spells                   Type           Power        Failure   Level  Hunger
 Slow                     Hex            ##......     10%         2    None
 Blink                    Tloc           N/A          5%          2    None


Dungeon Overview and Level Annotations

Branches:
Dungeon (3/15)

Altars:

Annotations:
D:3 Ijyb


Innate Abilities, Weirdness & Mutations

Your experience applies equally to all skills.
You have very sharp teeth.
Your uncanny sense of smell can sniff out nearby items.


Message History

You hit Ijyb but do no damage. You bite Ijyb, but do no damage.
Ijyb is moderately wounded.
Ijyb zaps a wand.
The puff of flame hits you!
Your crimson imp hits Ijyb.
You hit Ijyb but do no damage.
Ijyb is moderately wounded.
Ijyb hits you.
Your crimson imp hits Ijyb but does no damage.
You hit Ijyb but do no damage.
Ijyb is moderately wounded.
Ijyb screams, "Me kill you!" Ijyb hits you.
Your crimson imp blinks!
You hit Ijyb but do no damage.
Ijyb is moderately wounded.
Ijyb hits you but does no damage.
Your shadow imp hits Ijyb but does no damage.
You completely miss Ijyb.
Ijyb is moderately wounded.
Ijyb zaps a wand.
The puff of flame hits you!
You die...

.. #. #. .##
..# # #.# #
#.####.##.#
#..@g5....#
######.####
#######.5.####
........<....+
#####.#...##.#
#.#..## #
#.#.##
#.#.####.# ...
#........# #'#


You could see Ijyb and a friendly shadow imp.

Vanquished Creatures
  An adder (D:2)
  A worm (D:2)
  2 leopard geckos
  6 bats
  3 giant cockroaches
  8 goblins
  6 hobgoblins
  8 kobolds
  A ball python (D:2)
  3 frilled lizards
  3 rats
42 creatures vanquished.

Vanquished Creatures (collateral kills)
  A howler monkey (D:3)
  2 kobolds (D:3)
3 creatures vanquished.

Grand Total: 45 creatures vanquished

Notes
Turn   | Place    | Note
-------+----------+-------------------------------------------
     0 | D:1      | Lilu the Gnoll Wizard began the quest for the Orb.
     0 | D:1      | Reached XP level 1. HP: 13/13 MP: 8/8
   179 | D:1      | Reached XP level 2. HP: 19/19 MP: 8/10
   412 | D:1      | Reached XP level 3. HP: 25/25 MP: 8/11
   732 | D:2      | Reached skill level 1 in Invocations
  1108 | D:2      | Learned a level 3 spell: Conjure Flame
  1112 | D:2      | Learned a level 3 spell: Mephitic Cloud
  1115 | D:2      | Learned a level 2 spell: Call Imp
  1665 | D:2      | Reached skill level 1 in Fighting
  1665 | D:2      | Reached skill level 1 in Short Blades
  1665 | D:2      | Reached skill level 1 in Long Blades
  1665 | D:2      | Reached skill level 1 in Axes
  1665 | D:2      | Reached skill level 1 in Maces & Flails
  1665 | D:2      | Reached skill level 1 in Polearms
  1665 | D:2      | Reached skill level 1 in Staves
  1665 | D:2      | Reached skill level 1 in Slings
  1665 | D:2      | Reached skill level 1 in Bows
  1665 | D:2      | Reached skill level 1 in Crossbows
  1665 | D:2      | Reached skill level 1 in Throwing
  1665 | D:2      | Reached skill level 1 in Armour
  1665 | D:2      | Reached skill level 1 in Shields
  1665 | D:2      | Reached skill level 1 in Unarmed Combat
  1665 | D:2      | Reached skill level 1 in Evocations
  1911 | D:3      | Reached XP level 4. HP: 32/32 MP: 13/13
  1964 | D:3      | Noticed Ijyb
  1982 | D:3      | Killed from afar by Ijyb

Skill      XL: |  1  2  3 |
---------------+----------+-----
Conjurations   | 2 |  2.2
Summonings     | 2 |  2.2
Translocations | 2 |  2.2
Invocations    | 1 |  1.2
Fighting       | 1 |  1.1
Short Blades   | 1 |  1.1
Long Blades    | 1 |  1.1
Axes           | 1 |  1.1
Maces & Flails | 1 |  1.1
Polearms       | 1 |  1.1
Staves         | 1 |  1.1
Slings         | 1 |  1.1
Bows           | 1 |  1.1
Crossbows      | 1 |  1.1
Throwing       | 1 |  1.1
Armour         | 1 |  1.1
Shields        | 1 |  1.1
Unarmed Combat | 1 |  1.1
Evocations     | 1 |  1.1
Dodging        | |  4.6
Stealth        | |  4.2
Spellcasting   | |  7.2
Hexes          | |  0.9
Charms         | |  0.9
Necromancy     | |  0.9
Transmutations | |  0.9
Fire Magic     | |  0.9
Ice Magic      | |  0.9
Air Magic      | |  0.9
Earth Magic    | |  0.9
Poison Magic   | |  0.9

Action                   |  1- 3 |  4- 6 || total
-------------------------+-------+-------++-------
Melee: Spear             |    72 |    10 ||    82
       Bite              |     3 |     1 ||     4
 Cast: Magic Dart        |    43 |       ||    43
       Call Imp          |     2 |     3 ||     5
  Use: Potion            |     1 |       ||     1
 Stab: Sleeping          |     6 |       ||     6
       Distracted        |       |     1 ||     1
  Eat: Chunk             |     3 |       ||     3
Armor: Robe              |    15 |     1 ||    16
Dodge: Dodged            |    47 |     4 ||    51
